 Dungeon Sprint DCSS version 0.31-a0-986-g5e6e4ef867 (webtiles) character file.

Game seed: 17241797722565260290

705 rocky1 the Martial Artist (level 7, -5/45 HPs)
             Began as an Octopode Shapeshifter on Nov 14, 2023.
             Was an Initiate of Gozag.
             Killed from afar by a gargoyle (25 damage)
             ... with a stone arrow
             ... in the Dungeon (Sprint IX: "|||||||||||||||||||||||||||||").
             The game lasted 00:01:08 (536 turns).

rocky1 the Martial Artist (Octopode Shapeshifter)    Turns: 536, Time: 00:01:08

Health: -5/45      AC:  3    Str: 13    XL:     7   Next: 67%
Magic:  7/7        EV: 15    Int: 12    God:    Gozag
Gold:   0          SH:  0    Dex: 17    Spells: 6/6 levels left

rFire   . .          .
                       - Unarmed
rCold   . . .        (no shield)
rNeg    . . .        (helmet currently unavailable)
rPois   .            (no amulet)
rElec   .            l - +3 ring of dexterity
rCorr   .            m - +2 ring of protection
SInv    .            (no ring)
Will    .....        (no ring)
Stlth   +++++        (no ring)
HPRegen 0.27/turn    (no ring)
MPRegen 0.10/turn    (no ring)
                     (no ring)

%: no teleportation
@: beast-form, gold aura
A: beast (slay +4), almost no armour, amphibious, 8 rings, camouflage 1,
gelatinous body 1, (nimble swimmer 1), tentacles
a: Begin Untransformation, Renounce Religion, Potion Petition, Call Merchant,
Bribe Branch


You were in the Dungeon.
You worshipped Gozag.
Gozag was noncommittal.
You were a hulking beast.
You visited 1 branch

Inventory:

Jewellery
 l - a +3 ring of dexterity (left tentacle)
 m - a +2 ring of protection (right tentacle)
Talismans
 b - a beast talisman
 c - a flux talisman
Wands
 k - a wand of acid (8) (quivered)
Scrolls
 i - 2 scrolls of blinking
 j - 2 scrolls of amnesia
Potions
 a - a potion of lignification
 d - 5 potions of curing
 e - 3 potions of heal wounds
 f - a potion of haste
 g - 4 potions of magic


   Skills:
 + Level 2.6 Fighting
 + Level 4.8 Dodging
 + Level 8.2 Stealth
 + Level 10.6 Unarmed Combat
 + Level 9.7 Shapeshifting


You had 6 spell levels left.
You didn't know any spells.
Your spell library was empty.

Dungeon Overview and Level Annotations

Branches:
Dungeon (1/1)

Altars:
Cheibriados
Dithmenos
Elyvilon
Fedhas
Gozag
Hepliaklqana
Kikubaaqudgha
Makhleb
Nemelex Xobeh
Okawaru
Qazlal
Ru
Sif Muna
Trog
Uskayaw
Vehumet
Wu Jian
Xom
Yredelemnul
Zin
The Shining One
Jiyva
Lugonu


Innate Abilities, Weirdness & Mutations

You are a hulking beast.
Your limbs bulge with bestial killing power. (Slay +4)
You cannot wear most types of armour.
You are amphibious.
You can wear up to eight rings at the same time.
Your skin changes colour to match your surroundings (Stealth+).
Your rubbery body absorbs attacks. (AC +1, EV +1)
((You are camouflaged when in or above water. (Stealth+)))
You have tentacles for arms and can constrict up to eight enemies at once.


Message History

Unknown command.
Unknown command.
You flicker back into view.
Things that are here:
36 gold pieces; a +0 halberd; a +0 plate armour The orc warrior shouts!
The yak bellows!
You tentacle-slap the orc warrior.
The orc warrior is no longer distracted by gold.
Your grab misses the orc warrior.
The orc warrior is severely wounded.
Aiming: Corrosive Bolt
Press: ? - help, Q - select action, (/) - cycle Shift-Dir - straight line, f - orc warrior
Aim: an orc warrior, wielding a +0 battleaxe and wearing a +0 chain mail (severely wounded, 68% to hit)
The bolt of acid hits the orc warrior.
The orc warrior is severely wounded.
The bolt of acid hits the gargoyle but does no damage.
The bolt of acid misses the yak.
The orc warrior barely misses you.
Unknown command.
Aiming: Corrosive Bolt
Press: ? - help, Q - select action, (/) - cycle Shift-Dir - straight line, f/p - orc warrior
Aim: an orc warrior, wielding a +0 battleaxe and wearing a +0 chain mail (severely wounded, 68% to hit)
The bolt of acid hits the orc warrior.
The acid corrodes the orc warrior!
The orc warrior is almost dead.
The bolt of acid hits the gargoyle!
The acid corrodes the gargoyle!
The gargoyle is moderately damaged.
The bolt of acid hits the yak.
The acid corrodes the yak!
The yak is lightly wounded.
The orc warrior hits you with a +0 battleaxe!!
You tentacle-slap the orc warrior.
You kill the orc warrior!
The gargoyle hurls a stone arrow at you.
The stone arrow misses you.
Your Stealth skill increases to level 8!
Unknown command.
The gargoyle hurls a stone arrow at you.
The stone arrow hits you!!
Ouch! That really hurt!
You die...
Your body crumbles into a pile of gold.

▓[▓
▓[▓
▓.▓
▓.▓
▓'▓
▓$▓
▓$▓
▓$▓
▓h▓
▓9▓
▓Y▓
▓+▓


You could see a yak (corroded) and a gargoyle (corroded).

Vanquished Creatures
  2 yaks (D)
  2 orc warriors (D)
  2 phantoms (D)
  A centaur (D)
  A jelly (D)
  An adder (D)
  A bat (D)
  2 ball pythons (D)
  A frilled lizard (D)
  A rat (D)
14 creatures vanquished.

Notes
Turn   | Place    | Note
-------+----------+-------------------------------------------
     0 | D        | rocky1 the Octopode Shapeshifter began the quest for the
                  | Orb.
     0 | D        | Reached XP level 1. HP: 13/13 MP: 1/1
     8 | D        | Reached skill level 1 in Stealth
   118 | D        | Noticed a jelly
   118 | D        | Noticed a centaur
   118 | D        | Noticed a phantom
   118 | D        | Noticed a phantom
   120 | D        | Killed a jelly
   121 | D        | Reached skill level 5 in Unarmed Combat
   121 | D        | Reached XP level 2. HP: 11/18 MP: 2/2
   121 | D        | Reached XP level 3. HP: 15/23 MP: 3/3
   123 | D        | Killed a centaur
   124 | D        | Reached skill level 6 in Unarmed Combat
   124 | D        | Reached XP level 4. HP: 19/28 MP: 4/4
   127 | D        | Killed a phantom
   128 | D        | Reached skill level 7 in Unarmed Combat
   128 | D        | Reached XP level 5. HP: 10/34 MP: 5/5
   132 | D        | Killed a phantom
   133 | D        | Reached skill level 8 in Unarmed Combat
   133 | D        | Reached XP level 6. HP: 5/39 MP: 6/6
   135 | D        | HP: 1/39 [poisoned by an adder]
   468 | D        | Found a snail-covered altar of Cheibriados.
   468 | D        | Found a shadowy altar of Dithmenos.
   468 | D        | Found a white marble altar of Elyvilon.
   468 | D        | Found a blossoming altar of Fedhas.
   468 | D        | Found an opulent altar of Gozag.
   469 | D        | Found a hazy altar of Hepliaklqana.
   470 | D        | Found a viscous altar of Jiyva.
   471 | D        | Found an ancient bone altar of Kikubaaqudgha.
   472 | D        | Found a corrupted altar of Lugonu.
   473 | D        | Found a burning altar of Makhleb.
   474 | D        | Found a sparkling altar of Nemelex Xobeh.
   475 | D        | Found an iron altar of Okawaru.
   476 | D        | Became a worshipper of Gozag Ym Sagoz the Greedy
   477 | D        | Found a stormy altar of Qazlal.
   478 | D        | Found a sacrificial altar of Ru.
   479 | D        | Found a shimmering blue altar of Sif Muna.
   480 | D        | Found a bloodstained altar of Trog.
   481 | D        | Found a hide-covered altar of Uskayaw.
   482 | D        | Found a radiant altar of Vehumet.
   483 | D        | Found an ornate altar of the Wu Jian Council.
   484 | D        | Found a shimmering altar of Xom.
   485 | D        | Found a basalt altar of Yredelemnul.
   486 | D        | Found a glowing silver altar of Zin.
   487 | D        | Found a glowing golden altar of the Shining One.
   513 | D        | Noticed a yak
   513 | D        | Noticed a yak
   513 | D        | Noticed an orc warrior
   513 | D        | Noticed an orc warrior
   513 | D        | Noticed a gargoyle
   513 | D        | Noticed a yak
   519 | D        | Killed a yak
   520 | D        | Reached skill level 9 in Unarmed Combat
   526 | D        | Killed a yak
   527 | D        | Reached skill level 10 in Unarmed Combat
   527 | D        | Reached XP level 7. HP: 38/45 MP: 7/7
   536 | D        | Killed from afar by a gargoyle

Illustrated notes

Levels and vault maps discovered:
D:        linesprint [early_d, line_temple, items_1, d_10, items_2, lair_1,
          lair_end, items_3, orc_1, orc_end, items_4, d_15, swamp_1, shoals_1,
          snake_1, spider_1, d_20, vaults_1, items_5, swamp_end, shoals_end,
          snake_end, spider_end, vaults_end, d_27, items_6, zot_1, zot_end,
          crypt_end, forest_end, elf_end, slime_end, tomb_end, abyss_end,
          pan_hell_end]

Skill      XL: |  1  2  3  4  5  6  7 |
---------------+----------------------+-----
Stealth        | 2 3 4 7 8 |  8.2
Unarmed Combat | 5 6 7 8 10 | 10.6
Shapeshifting  | 4 6 7 8 9 |  9.7
Dodging        | 3 4 |  4.8
Fighting       | 2 |  2.6

Action                     |  1- 3 |  4- 6 |  7- 9 || total
---------------------------+-------+-------+-------++-------
  Melee: Unarmed           |    11 |    18 |     5 ||    34
         Tentacles         |     4 |     4 |       ||     8
         Constrict         |     2 |     1 |     1 ||     4
         Punch             |       |       |     1 ||     1
  Evoke: Wand              |       |       |     2 ||     2
    Use: Potion            |     1 |     1 |       ||     2
   Stab: Sleeping          |     2 |     1 |       ||     3
         Invisible         |       |     3 |     1 ||     4
 Armour: Skin              |     2 |     5 |     2 ||     9
  Dodge: Dodged            |     8 |     5 |     4 ||    17

Table legend: (Time is in decaauts)
 A = Elapsed time spent in this place.
 B = Non-inter-level travel time spent in this place.
 C = Inter-level travel time spent in this place.
 D = Time resting spent in this place.
 E = Time spent auto-exploring this place.
 F = Levels seen in this place.
 G = Mean time per level.
                   A        B        C        D        E       F      G
               +--------+--------+--------+--------+--------+-----+--------+
         Total |    540 |    540 |      0 |    444 |      0 |   1 |  540.0 |
       Dungeon |    540 |    540 |      0 |    444 |      0 |   1 |  540.0 |
               +--------+--------+--------+--------+--------+-----+--------+

Top non-repeatable levels by time:
       D: 540 daAuts
